 Dungeon Crawl Stone Soup version 0.21.0-37-g46506fa (webtiles) character file.

189 tidbits the Grave Robber (level 5, 0/37 HPs)
             Began as a Gnoll Necromancer on Feb 1, 2018.
             Slain by a gnoll
             ... wielding a +0 spear
              (7 damage)
             ... on level 5 of the Dungeon.
             The game lasted 00:08:52 (725 turns).

tidbits the Grave Robber (Gnoll Necromancer)         Turns: 725, Time: 00:08:53

Health: 0/37       AC:  2    Str: 11    XL:     5   Next: 68%
Magic:  0/12       EV: 15    Int: 18    God:
Gold:   116        SH:  0    Dex: 15    Spells: 6/14 levels left

rFire    . . .     SeeInvis .   a - +0 dagger
rCold    . . .     Gourm    .   (no shield)
rNeg     . . .     Faith    .   l - +0 robe
rPois    .         Spirit   .   (no helmet)
rElec    .         Reflect  .   (no cloak)
rCorr    .         Harm     .   (no gloves)
MR       .....                  (no boots)
Stlth    +++.......             (no amulet)
HPRegen  0.12/turn              (no ring)
MPRegen  0.13/turn              (no ring)

@: very slightly contaminated
A: distributed training, fangs 1, strong nose
a: no special abilities


You were on level 5 of the Dungeon.
You were very full.

You visited 1 branch of the dungeon, and saw 5 of its levels.

You collected 116 gold pieces.

Inventory:

Hand Weapons
 a - a +0 dagger (weapon)
 d - a +0 spear
 h - a cursed -1 war axe
 n - a +0 flail
 p - a +0 short sword
Missiles
 g - 18 arrows
Armour
 i - a +0 ring mail
 l - a +0 robe (worn)
Scrolls
 e - a scroll of amnesia
 f - a scroll of random uselessness
 k - a scroll of fear
Potions
 j - 2 potions of curing
Books
 b - a book of Necromancy

   Spells                             Type                      Level
   a - Pain                           Necromancy                   1
   b - Animate Skeleton               Necromancy                   1
   c - Vampiric Draining              Necromancy                   3
   d - Regeneration                   Charms/Necromancy            3
   e - Animate Dead                   Necromancy                   4
   f - Borgnjor's Vile Clutch         Necromancy/Earth             5
Comestibles
 c - a ration


   Skills:
 + Level 1.5 Fighting
 + Level 1.5 Short Blades
 + Level 1.5 Long Blades
 + Level 1.5 Axes
 + Level 1.5 Maces & Flails
 + Level 1.5 Polearms
 + Level 1.5 Staves
 + Level 1.5 Slings
 + Level 1.5 Bows
 + Level 1.5 Crossbows
 + Level 1.5 Throwing
 + Level 1.5 Armour
 + Level 4.8 Dodging
 + Level 4.4 Stealth
 + Level 1.5 Shields
 + Level 1.5 Unarmed Combat
 + Level 5.2 Spellcasting
 + Level 1.2 Conjurations
 + Level 1.2 Hexes
 + Level 1.2 Charms
 + Level 1.2 Summonings
 + Level 7.2 Necromancy
 + Level 1.2 Translocations
 + Level 1.2 Transmutations
 + Level 1.2 Fire Magic
 + Level 1.2 Ice Magic
 + Level 1.2 Air Magic
 + Level 1.2 Earth Magic
 + Level 1.2 Poison Magic
 + Level 1.7 Invocations
 + Level 1.5 Evocations


You had 6 spell levels left.
You knew the following spells:

 Your Spells              Type           Power        Failure   Level  Hunger
a - Pain                  Necr           ####         1%          1    None
d - Vampiric Draining     Necr           ####......   1%          3    ##.....
n - Animate Skeleton      Necr           N/A          1%          1    None
r - Regeneration          Chrm/Necr      ###.......   7%          3    ##.....


Dungeon Overview and Level Annotations

Branches:
Dungeon (5/15)
 Temple: D:4-7

Altars:


Innate Abilities, Weirdness & Mutations

Your experience applies equally to all skills.
You have very sharp teeth.
Your uncanny sense of smell can sniff out nearby items.


Message History

You feel life coursing into your body. The ogre closely misses you.
Casting: Vampiric Draining
Confirm with . or Enter, or press ? or * to list all spells.
Aiming: Vampiric Draining
Press: ? - help, Shift-Dir - straight line, f/p - ogre
Aim: an ogre, wielding a giant spiked club (moderately wounded)
The ogre is almost dead.
You feel life coursing into your body. The ogre closely misses you.
Casting: Vampiric Draining
Confirm with . or Enter, or press ? or * to list all spells.
Aiming: Vampiric Draining
Press: ? - help, Shift-Dir - straight line, f/p - ogre
Aim: an ogre, wielding a giant spiked club (severely wounded)
You kill the ogre!
You have reached level 5!
You feel life coursing into your body.
Unknown command. 2 gnolls come into view.
The gnoll shouts! x2; You hear a shout! x2
Your magical contamination has completely faded away.
You aren't carrying any items that you can evoke without wielding.
Unknown command.
Okay, then.
Unknown command.
Casting: Vampiric Draining
Confirm with . or Enter, or press ? or * to list all spells.
Aiming: Pain
Press: ? - help, Shift-Dir - straight line, f - gnoll
Aim: a gnoll, wielding a halberd (chance to defeat MR: 89%)
The gnoll writhes in agony!
Okay, then.
As you read the scroll labeled ODEZXU MOCO, it crumbles to dust.
You feel aware of your surroundings.
You sensed 1 altar.
It was a scroll of magic mapping.
The gnoll closely misses you.
Unknown command.
Casting: Pain
Confirm with . or Enter, or press ? or * to list all spells.
Aiming: Pain
Press: ? - help, Shift-Dir - straight line, f/p - gnoll
Aim: a gnoll, wielding a halberd (lightly wounded, chance to defeat MR: 89%)
The gnoll writhes in agony!
Quiver which item? (- for none, * to show all) (? for menu, Esc to quit)
Okay, then.
You aren't carrying any items that you can evoke without wielding.
Unknown command.
The gnoll barely misses you.
Casting: Pain
Confirm with . or Enter, or press ? or * to list all spells.
Aiming: Pain
Press: ? - help, Shift-Dir - straight line, f/p - gnoll
Aim: a gnoll, wielding a halberd (moderately wounded, chance to defeat MR: 89%)
The gnoll writhes in agony!
Casting: Pain
Confirm with . or Enter, or press ? or * to list all spells.
Aiming: Pain
Press: ? - help, Shift-Dir - straight line, f/p - gnoll
Aim: a gnoll, wielding a halberd (almost dead, chance to defeat MR: 89%)
You miscast Pain.
You are very lightly contaminated with residual magic.
Nothing appears to happen.
The gnoll misses you.
Casting: Pain
Confirm with . or Enter, or press ? or * to list all spells.
Aiming: Pain
Press: ? - help, Shift-Dir - straight line, f/p - gnoll
Aim: a gnoll, wielding a halberd (almost dead, chance to defeat MR: 89%)
The gnoll barely resists.
The gnoll barely misses you.
Casting: Pain
Confirm with . or Enter, or press ? or * to list all spells.
Aiming: Pain
Press: ? - help, Shift-Dir - straight line, f/p - gnoll
Aim: a gnoll, wielding a halberd (almost dead, chance to defeat MR: 89%)
The gnoll barely resists.
The gnoll closely misses you.
Quiver which item? (- for none, * to show all) (? for menu, Esc to quit)
Okay, then.
Throwing (i - inventory):
q - 2 tomahawks (quivered)
Press: ? - help, Shift-Dir - straight line, f/p - gnoll
Aim: a gnoll, wielding a halberd (almost dead)
You throw a tomahawk.
The tomahawk hits the gnoll but does no damage.
The gnoll is almost dead.
The gnoll hits you from afar with a halberd!
* * * LOW HITPOINT WARNING * * *
Unknown command.
Throwing (i - inventory):
q - a tomahawk (quivered)
Press: ? - help, Shift-Dir - straight line, f/p - gnoll
Aim: a gnoll, wielding a halberd (almost dead)
You throw a tomahawk. The tomahawk hits the gnoll.
You kill the gnoll!
The gnoll misses you.
Things that are here:
a giant spiked club; 24 arrows; an ogre corpse Unknown command.
Casting: Pain
Confirm with . or Enter, or press ? or * to list all spells.
Aiming: Pain
Press: ? - help, Shift-Dir - straight line, f - gnoll
Aim: a gnoll, wielding a spear (chance to defeat MR: 89%)
The gnoll writhes in agony!
The gnoll hits you from afar with a spear!
You die...

,,,,,,,,* ##.g..g....#
,,,,,,..######
##..####....#
,,,,,,,.#....# #..##
###.## ,,,,,,,,....5#
#.## #.# ,,,,,,,,#....#
#.# ****#.#
,,,,,,..#....# #)#
#gg...# ,,,,,,.S#!...#
##.# #.#####
**,***#.#....#####g.#
**∆* **,*
#.#....##.@).##**,,*
,,∆*
#.###.....####**,,**
,*** #.##..##### *,,**
,* #.....# ****,,* * ,*
##...#.# ***,,,,∆* * ,*
#..#.#.#***,,,**,,* *
∆* ##.##....*,,,,,,,,**
**
**###..####..#,*,******
**, ,,#..<##**##...*,*
***,,


You could see a gnoll.

Vanquished Creatures
  An ogre (D:5)
  An orc priest (D:3)
  An orc wizard (D:3)
  A gnoll (D:5)
  A worm (D:2)
  A dart slug (D:1)
  A leopard gecko (D:2)
  3 orcs
  A giant cockroach (D:1)
  A goblin (D:2)
  A hobgoblin (D:1)
  6 jackals
  6 bats
  A frilled lizard (D:3)
  A kobold (D:3)
  3 rats
30 creatures vanquished.

Notes
Turn   | Place    | Note
-------+----------+-------------------------------------------
     0 | D:1      | tidbits the Gnoll Necromancer began the quest for the Orb.
     0 | D:1      | Reached XP level 1. HP: 13/13 MP: 6/6
    47 | D:1      | Reached XP level 2. HP: 2/19 MP: 0/7
    50 | D:1      | Learned a level 1 spell: Animate Skeleton
   489 | D:2      | Reached XP level 3. HP: 14/25 MP: 0/9
   494 | D:2      | Learned a level 3 spell: Vampiric Draining
   498 | D:2      | Learned a level 3 spell: Regeneration
   515 | D:3      | Reached skill level 5 in Spellcasting
   515 | D:3      | Reached skill level 1 in Invocations
   516 | D:3      | Reached skill level 1 in Fighting
   516 | D:3      | Reached skill level 1 in Short Blades
   516 | D:3      | Reached skill level 1 in Long Blades
   516 | D:3      | Reached skill level 1 in Axes
   516 | D:3      | Reached skill level 1 in Maces & Flails
   516 | D:3      | Reached skill level 1 in Polearms
   516 | D:3      | Reached skill level 1 in Staves
   516 | D:3      | Reached skill level 1 in Slings
   516 | D:3      | Reached skill level 1 in Bows
   516 | D:3      | Reached skill level 1 in Crossbows
   516 | D:3      | Reached skill level 1 in Throwing
   516 | D:3      | Reached skill level 1 in Armour
   516 | D:3      | Reached skill level 1 in Shields
   516 | D:3      | Reached skill level 1 in Unarmed Combat
   516 | D:3      | Reached skill level 1 in Evocations
   533 | D:3      | Reached XP level 4. HP: 14/32 MP: 6/11
   592 | D:3      | Reached skill level 1 in Conjurations
   592 | D:3      | Reached skill level 1 in Hexes
   592 | D:3      | Reached skill level 1 in Charms
   592 | D:3      | Reached skill level 1 in Summonings
   592 | D:3      | Reached skill level 1 in Translocations
   592 | D:3      | Reached skill level 1 in Transmutations
   592 | D:3      | Reached skill level 1 in Fire Magic
   592 | D:3      | Reached skill level 1 in Ice Magic
   592 | D:3      | Reached skill level 1 in Air Magic
   592 | D:3      | Reached skill level 1 in Earth Magic
   592 | D:3      | Reached skill level 1 in Poison Magic
   658 | D:5      | Entered Level 5 of the Dungeon
   658 | D:5      | Noticed an ogre
   683 | D:5      | Killed an ogre
   683 | D:5      | Reached XP level 5. HP: 18/37 MP: 2/12
   725 | D:5      | Slain by a gnoll

Skill      XL: |  1  2  3  4 |
---------------+-------------+-----
Spellcasting   | 5 |  5.2
Invocations    | 1 |  1.7
Fighting       | 1 |  1.5
Short Blades   | 1 |  1.5
Long Blades    | 1 |  1.5
Axes           | 1 |  1.5
Maces & Flails | 1 |  1.5
Polearms       | 1 |  1.5
Staves         | 1 |  1.5
Slings         | 1 |  1.5
Bows           | 1 |  1.5
Crossbows      | 1 |  1.5
Throwing       | 1 |  1.5
Armour         | 1 |  1.5
Shields        | 1 |  1.5
Unarmed Combat | 1 |  1.5
Evocations     | 1 |  1.5
Conjurations   | 1 |  1.2
Hexes          | 1 |  1.2
Charms         | 1 |  1.2
Summonings     | 1 |  1.2
Translocations | 1 |  1.2
Transmutations | 1 |  1.2
Fire Magic     | 1 |  1.2
Ice Magic      | 1 |  1.2
Air Magic      | 1 |  1.2
Earth Magic    | 1 |  1.2
Poison Magic   | 1 |  1.2
Dodging        | |  4.8
Stealth        | |  4.4
Necromancy     | |  7.2

Action                   |  1- 3 |  4- 6 || total
-------------------------+-------+-------++-------
Melee: Dagger            |       |     5 ||     5
       Bite              |       |     1 ||     1
Throw: Tomahawk          |       |     2 ||     2
 Cast: Pain              |    39 |    19 ||    58
       Vampiric Draining |       |     3 ||     3
  Use: Potion            |     4 |     2 ||     6
       Scroll            |     3 |     1 ||     4
  Eat: Ration            |     1 |     1 ||     2
Armor: Robe              |     2 |     1 ||     3
Dodge: Dodged            |    30 |    13 ||    43

Table legend:
 A = Turns spent in this place as a percentage of turns spent in the entire game.
 B = Non-inter-level travel turns spent in this place as a percentage of non-inter-level travel turns spent in the entire game.
 C = Inter-level travel turns spent in this place as a percentage of turns spent in this place.
 D = Turns resting spent in this place as a percentage of non-inter-level travel turns spent in this place.
 E = Turns spent auto-exploring this place as a percentage of non-inter-level travel turns spent in this place.
 F = Non-inter-level travel turns spent in this place divided by the number of levels of this place that you've seen.
                   A       B       C       D       E      F
               +-------+-------+-------+-------+-------+----------------------
         Total | 100.0 | 100.0 |   0.0 |   0.0 |   0.0 | 145.0
       Dungeon | 100.0 | 100.0 |   0.0 |   0.0 |   0.0 | 145.0
               +-------+-------+-------+-------+-------+----------------------

Table legend:
 A = Kills in this place as a percentage of kills in entire the game.
 B = Kills by you in this place as a percentage of kills by you in the entire game.
 C = Kills by friends in this place as a percentage of kills by friends in the entire game.
 D = Other kills in this place as a percentage of other kills in the entire game.
 E = Experience gained in this place as a percentage of experience gained in the entire game.
 F = Experience gained in this place divided by the number of levels of this place that you have seen.
                   A       B       C       D       E      F
               +-------+-------+-------+-------+-------+----------------------
         Total | 100.0 | 100.0 |   N/A |   N/A | 100.0 |  54.2
       Dungeon | 100.0 | 100.0 |   N/A |   N/A | 100.0 |  54.2
               +-------+-------+-------+-------+-------+----------------------

Vault maps used:
D:1:      dpeg_arrival_oval
D:2:      minmay_door_path
D:3:      minmay_misc_feat_enclosed
D:4:      kennysheep_cross_bottleneck
D:5:      first_ration, st_stairs_10, tgw_fedhas, uniq_menkaure
